 Dungeon Sprint DCSS version 0.31-a0-618-g7ca08c1ff9 (webtiles) character file.

Game seed: 8942978087222283245

1606 dialectric the Grappler (level 8, -3/100 HPs)
             Began as a Demonspawn Shapeshifter on Aug 22, 2023.
             Was a Believer of Trog.
             Slain by a polar bear (11 damage)
             ... in the Dungeon (Sprint II: "The Violet Keep of Menkaure").
             The game lasted 00:03:24 (314 turns).

dialectric the Grappler (Demonspawn Shapeshifter)    Turns: 314, Time: 00:03:25

Health: -3/100     AC:  9    Str: 18    XL:     8   Next: 63%
Magic:  8/8        EV: 10    Int:  9    God:    Trog [**....]
Gold:   489        SH:  0    Dex: 20    Spells: 7/7 levels left

rFire   . .          .
                       - Unarmed
rCold   . . .        (no shield)
rNeg    + . .        b - +0 chain mail of Soft Rains {rN+ Dex+6 Slay+2}
rPois   .            (helmet currently unavailable)
rElec   .            (cloak currently unavailable)
rCorr   .            (gloves currently unavailable)
SInv    .            (boots currently unavailable)
Will    .....        (no amulet) Stlth
                     (no ring)
HPRegen 0.36/turn    (no ring)
MPRegen 0.11/turn

%: no teleportation
@: berserking, beast-form, very quick
A: beast (slay +4), hooves 2, demonic magic 2, weakness stinger 2
a: Begin Untransformation, Renounce Religion, Berserk, Trog's Hand


You were in the Dungeon.
You worshipped Trog.
Trog was pleased with you.
You were a hulking beast.
You visited 1 branch You collected 891 gold pieces.
You spent 402 gold pieces at shops.

Inventory:

Armour
 a - a +0 animal skin
 b - the +0 chain mail of Soft Rains (worn) {rN+ Dex+6 Slay+2}
   (You bought it in a shop in the Dungeon)

   Dex+6:     It affects your dexterity (+6).
   Slay+2:    It affects your accuracy & damage with ranged weapons and melee
   (+2).
   rN+:       It protects you from negative energy.
Talismans
 c - a beast talisman (active)
 d - a flux talisman
Scrolls
 j - a scroll of blinking
Potions
 e - a potion of curing
 g - a potion of haste
 h - 2 potions of magic
 k - a potion of might


   Skills:
 * Level 7.3 Fighting
 * Level 4.2 Armour
 + Level 5.2 Dodging
 - Level 2.3 Stealth
 + Level 11.5 Unarmed Combat
 + Level 9.7 Shapeshifting


You had 7 spell levels left.
You didn't know any spells.
Your spell library was empty.

Dungeon Overview and Level Annotations

Branches:
Dungeon (1/1)

Altars:
Cheibriados
Dithmenos
Fedhas
Gozag
Hepliaklqana
Kikubaaqudgha
Makhleb
Nemelex Xobeh
Okawaru
Qazlal
Ru
Sif Muna
Trog
Uskayaw
Vehumet
Wu Jian
Xom
Yredelemnul
Jiyva
Lugonu

Shops:
D [!:=(![==[[:(?[

Annotations:
D exclusion: oklob plant, Roxanne


Innate Abilities, Weirdness & Mutations

You are a hulking beast.
Your limbs bulge with bestial killing power. (Slay +4)
You have hoof-like feet.
Spells you cast may paralyse nearby enemies.
You have a tail ending in a sharp stinger.


Message History

You become entangled in the net!
There is a net trap here.
You see here a throwing net.
You struggle against the net.
You struggle against the net.
Unknown command.
You tear a large gash into the net.
You rip the net and break free!
You feel much better.
You open the door. 2 polar bears come into view.
The polar bear growls angrily. x2
Found a dagger and 81 gold pieces.
You punch the polar bear! Your kick misses the polar bear.
Your punch misses the polar bear.
The polar bear is moderately wounded.
The polar bear fails to trigger a net trap.
A red film seems to cover your vision as you go berserk!
You feel yourself moving faster!
You feel mighty! The polar bear closely misses you.
The polar bear claws you. x2
* * * LOW HITPOINT WARNING * * *
The polar bear bites you!
* * * LOW HITPOINT WARNING * * *
The polar bear claws you.
* * * LOW HITPOINT WARNING * * *
The polar bear claws you but does no damage.
You punch the polar bear! You kick the polar bear!
The polar bear is almost dead.
The polar bear goes berserk!
The polar bear bites you.
* * * LOW HITPOINT WARNING * * *
The polar bear claws you but does no damage.
The polar bear barely misses you.
You punch the polar bear!
You kill the polar bear!
Trog accepts your kill.
Your Fighting skill increases to level 7!
Your Armour skill increases to level 4!
You barely miss the polar bear. Your kick misses the polar bear.
The polar bear bites you!
You die...

####+ ##§~..~.~
##.~.~§~~ +.§.~.8§~
##++## #§.~~~~
##≈^..### ~## §~~§
e§.....#
#~~#+++#+++#####^..^#
~~~.........#).hh^..#
~~~~.##'##..#.$####.#
~~~~##.#.##.####..††###
~~~~#†.#..#.†..#..#...#
~~#####.#####..#####..#
?$$ ~##.###†#
.##..#..††.#


%)?? ~#...##.##.B.#..#..#..# ▓(??$ ~'.#)'.<.+# +..####..### ▓??)=!
~#...##.##B.$#....###...##▓▓▓▓▓▓▓ You could see a polar bear.

Vanquished Creatures
  A merfolk siren (D)
  A polar bear (D)
  5 water moccasins (D)
  3 black bears (D)
  4 scorpions (D)
  A hell rat (D)
  3 worms (D)
18 creatures vanquished.

Vanquished Creatures (others)
  Menkaure (D)
1 creature vanquished.

Grand Total: 19 creatures vanquished

Notes
Turn   | Place    | Note
-------+----------+-------------------------------------------
     0 | D        | dialectric the Demonspawn Shapeshifter began the quest for
                  | the Orb.
     0 | D        | Reached XP level 1. HP: 15/15 MP: 1/1
     1 | D        | Noticed a scorpion
     1 | D        | Noticed a scorpion
    10 | D        | Killed a scorpion
    11 | D        | Reached skill level 4 in Unarmed Combat
    11 | D        | Reached skill level 5 in Shapeshifting
    11 | D        | Discovered your monstrous ancestry.
    11 | D        | Gained mutation: You have a small tail. [demonic ancestry]
    11 | D        | Reached XP level 2. HP: 21/21 MP: 2/2
    11 | D        | Gained mutation: Spells you cast may paralyse adjacent
                  | enemies. [demonic ancestry]
    11 | D        | Reached XP level 3. HP: 26/26 MP: 3/3
    14 | D        | Killed a scorpion
    15 | D        | Reached skill level 5 in Unarmed Combat
    15 | D        | Gained mutation: You have a tail ending in a sharp stinger.
                  | [demonic ancestry]
    15 | D        | Reached XP level 4. HP: 32/32 MP: 4/4
    33 | D        | Noticed a scorpion
    33 | D        | Noticed a scorpion
    40 | D        | Killed a scorpion
    41 | D        | Reached skill level 6 in Unarmed Combat
    41 | D        | Gained mutation: You have large cloven feet. [demonic
                  | ancestry]
    41 | D        | Reached XP level 5. HP: 23/38 MP: 5/5
    48 | D        | Reached skill level 7 in Unarmed Combat
    78 | D        | Killed Menkaure
    86 | D        | Noticed a merfolk siren
    94 | D        | Killed a merfolk siren
    95 | D        | Reached skill level 5 in Fighting
    95 | D        | Reached skill level 9 in Unarmed Combat
    95 | D        | Reached XP level 6. HP: 16/51 MP: 6/6
    95 | D        | Gained mutation: You have hoof-like feet. [demonic
                  | ancestry]
    95 | D        | Reached XP level 7. HP: 18/56 MP: 7/7
   101 | D        | Noticed a boulder beetle
   101 | D        | Noticed a boulder beetle
   109 | D        | Found Sairifisoq's Antique Armour Shop.
   109 | D        | Found Wiomm's Magic Scroll Boutique.
   109 | D        | Found Tagaxow's Antique Armour Shop.
   109 | D        | Found Pustruw's Book Shop.
   109 | D        | Found Pant's Jewellery Boutique.
   109 | D        | Found Suedduze's Antique Armour Boutique.
   109 | D        | Found Pizal's Jewellery Shop.
   111 | D        | Found Plog's Armour Shop.
   111 | D        | Found Miequ's Distillery.
   112 | D        | Found Lijyng's Weapon Boutique.
   112 | D        | Noticed a hell hog
   112 | D        | Noticed a hell hog
   113 | D        | Found Nualeuts's Antique Weapon Shop.
   113 | D        | Found Tedirhadont's Jewellery Boutique.
   113 | D        | Noticed an oklob plant
   113 | D        | Noticed a slime creature
   114 | D        | Found Meufesmi's Distillery.
   114 | D        | Found Wolofan's Antique Armour Boutique.
   114 | D        | Found Yxyidev's Book Shoppe.
   115 | D        | Noticed a slime creature
   124 | D        | Bought a potion of curing for 42 gold pieces
   133 | D        | Bought a smelly chain mail for 228 gold pieces
   133 | D        | Identified the +0 chain mail of Soft Rains {rN+ Dex+6
                  | Slay+2} (You bought it in a shop in the Dungeon)
   161 | D        | Bought a potion of heal wounds for 55 gold pieces
   161 | D        | Bought a potion of curing for 33 gold pieces
   165 | D        | Bought a potion of might for 44 gold pieces
   200 | D        | Noticed Roxanne
   208 | D        | Reached skill level 1 in Armour
   208 | D        | Reached skill level 10 in Unarmed Combat
   214 | D        | Found a blossoming altar of Fedhas.
   216 | D        | Found a shadowy altar of Dithmenos.
   216 | D        | Found a corrupted altar of Lugonu.
   216 | D        | Found an opulent altar of Gozag.
   216 | D        | Found a burning altar of Makhleb.
   217 | D        | Found a snail-covered altar of Cheibriados.
   217 | D        | Found an ancient bone altar of Kikubaaqudgha.
   217 | D        | Found a bloodstained altar of Trog.
   218 | D        | Found a viscous altar of Jiyva.
   218 | D        | Found a shimmering blue altar of Sif Muna.
   219 | D        | Found a hazy altar of Hepliaklqana.
   219 | D        | Found a sacrificial altar of Ru.
   220 | D        | Found a shimmering altar of Xom.
   221 | D        | Found a stormy altar of Qazlal.
   221 | D        | Found an ornate altar of the Wu Jian Council.
   221 | D        | Found a sparkling altar of Nemelex Xobeh.
   221 | D        | Found a hide-covered altar of Uskayaw.
   221 | D        | Found a basalt altar of Yredelemnul.
   222 | D        | Found a radiant altar of Vehumet.
   222 | D        | Found an iron altar of Okawaru.
   228 | D        | Became a worshipper of Trog the Wrathful
   247 | D        | Reached * piety under Trog
   248 | D        | Gained mutation: Spells you cast may paralyse nearby
                  | enemies. [demonic ancestry]
   248 | D        | Reached XP level 8. HP: 47/65 MP: 8/8
   286 | D        | Reached skill level 5 in Dodging
   293 | D        | Reached ** piety under Trog
   294 | D        | Reached skill level 11 in Unarmed Combat
   301 | D        | Noticed a deep elf master archer
   301 | D        | HP: 1/65 [deep elf master archer/arrow (30)]
   309 | D        | Noticed a polar bear
   309 | D        | Noticed a polar bear
   313 | D        | Killed a polar bear
   314 | D        | Slain by a polar bear

Illustrated notes

Levels and vault maps discovered:
D:        the_violet_keep_of_menkaure [sprint2_stairs_cluster_1,
          sprint2_shoproom, sprint2_temple, sprint2_basic_supplies,
          sprint2_obstacle_7, sprint2_obstacle_3, sprint2_obstacle_6,
          sprint2_obstacle_4, sprint2_obstacle_1, sprint2_timed_cluster_1,
          sprint2_smallroom_cluster_1, sprint2_smallroom_final_cluster_1,
          sprint2_transparent_cluster_1, sprint2_second_timed_cluster_1,
          sprint2_sniper_area_1, sprint2_heavy_combat_area_1,
          sprint2_mutation_trap_area_1, sprint2_forest_area_1,
          sprint2_light_combat_area_1, sprint2_behind_water_1,
          sprint2_near_end_vault_1]

Skill      XL: |  1  2  3  4  5  6  7  8 |
---------------+-------------------------+-----
Dodging        | 2 3 4 5 |  5.2
Unarmed Combat | 4 5 6 9 10 11 | 11.5
Shapeshifting  | 5 6 8 9 |  9.7
Fighting       | 5 6 7 |  7.3
Stealth        | 2 |  2.3
Armour         | 2 4 |  4.2

Action                     |  1- 3 |  4- 6 |  7- 9 || total
---------------------------+-------+-------+-------++-------
  Melee: Unarmed           |    11 |    23 |    29 ||    63
         Punch             |       |     1 |     1 ||     2
         Kick              |       |     4 |    11 ||    15
         Tailslap          |       |     3 |     2 ||     5
 Invoke: Berserk           |       |       |     1 ||     1
    Use: Potion            |     1 |     1 |     4 ||     6
   Stab: Sleeping          |       |     1 |       ||     1
 Armour: Skin              |     9 |       |       ||     9
         Animal skin       |       |     2 |       ||     2
         Chain mail        |       |       |    10 ||    10
  Dodge: Dodged            |       |     4 |    14 ||    18

Table legend: (Time is in decaauts)
 A = Elapsed time spent in this place.
 B = Non-inter-level travel time spent in this place.
 C = Inter-level travel time spent in this place.
 D = Time resting spent in this place.
 E = Time spent auto-exploring this place.
 F = Levels seen in this place.
 G = Mean time per level.
                   A        B        C        D        E       F      G
               +--------+--------+--------+--------+--------+-----+--------+
         Total |    324 |    324 |      0 |     51 |      0 |   1 |  324.0 |
       Dungeon |    324 |    324 |      0 |     51 |      0 |   1 |  324.0 |
               +--------+--------+--------+--------+--------+-----+--------+

Top non-repeatable levels by time:
       D: 324 daAuts
